 Dungeon Crawl Stone Soup version 0.28-a0-48-gfd831c5874 (webtiles) character file.

Game seed: 1194835906177050394

68236 jasper the Martial Artist (level 14, -2/122 HPs)
             Began as a Demigod Transmuter on July 29, 2021.
             Slain by an orc knight (35 damage)
             ... on level 2 of the Orcish Mines.
             The game lasted 00:45:46 (32017 turns).

jasper the Martial Artist (Demigod Transmuter)     Turns: 32017, Time: 00:45:46

Health: -2/122     AC: 16    Str: 11    XL:     14   Next: 45%
Magic:  17/24      EV: 23    Int: 31    God:
Gold:   1867       SH:  0    Dex: 20    Spells: 2/21 levels left

rFire   + . .      SeeInvis .     - Unarmed
rCold   + . .      Faith    .   (shield currently unavailable)
rNeg    . . .      Spirit   .   f - +2 robe {rC+ rF+}
rPois   .          Reflect  .   (no helmet)
rElec   .          Harm     .   t - +2 cloak
rCorr   .          Rampage  .   (gloves currently unavailable)
Will    +....                   (no boots)
Stlth   ++........              (no amulet)
HPRegen 0.30/turn               d - +6 ring of dexterity
MPRegen 0.19/turn               P - +4 ring of evasion

@: ice-armoured, blade hands
A: high mp 1, forlorn
a: End Transformation


You were on level 2 of the Orcish Mines.
You had blades for hands.
You visited 3 branches of the dungeon, and saw 19 of its levels.

You collected 2285 gold pieces.
You spent 418 gold pieces at shops.

Inventory:

Hand Weapons
 n - a +0 hunting sling of freezing
 o - a +0 hand crossbow
 A - the +8 rapier of Blue Cruel Justice {holy, *Corrode rElec rPois Dex+5}
   (You found it on level 8 of the Dungeon)

   It has been blessed by the Shining One to cause great damage to the undead
   and demons.
   Dex:       It affects your dexterity (+5).
   rElec:     It insulates you from electricity.
   rPois:     It protects you from poison.
   *Corrode:  It may corrode you when you take damage.
Missiles
 c - 397 stones (quivered)
 e - 4 boomerangs of dispersal
 i - 14 javelins
 H - 5 silver javelins
 J - 2 throwing nets
 K - 10 curare-tipped darts
Armour
 a - a +0 robe
 b - a +0 leather armour of cold resistance
 f - a +2 robe of resistance (worn)
 l - a +0 buckler (melded)
 t - a +2 cloak (worn)
 F - a +1 robe of the Archmagi
 X - a +0 troll leather armour
Jewellery
 d - a +6 ring of dexterity (left blade hand)
 m - a ring of flight
 B - an amulet of guardian spirit
 P - a +4 ring of evasion (right blade hand)
 R - a ring of protection from cold
Wands
 p - a wand of iceblast (16)
 y - a wand of acid (4)
 D - a wand of charming (14)
 N - a wand of paralysis (9)
 V - a wand of digging (5)
Scrolls
 j - 5 scrolls of teleportation
 k - 3 scrolls of magic mapping
 q - a scroll of identify
 s - a scroll of summoning
 w - a scroll of fog
 x - a scroll of holy word
 I - 3 scrolls of enchant weapon
 O - a scroll of torment
 T - a scroll of enchant armour
 U - a scroll of blinking
Potions
 g - 4 potions of attraction
 h - 6 potions of brilliance
 r - 3 potions of flight
 u - 4 potions of curing
 C - a potion of mutation
 E - a potion of cancellation
 L - 3 potions of invisibility
 M - a potion of haste
 Q - 2 potions of lignification
 S - a potion of berserk rage
 W - a potion of ambrosia
 Y - a potion of magic
Miscellaneous
 z - a tin of tremorstones (inert)
 G - a phial of floods


   Skills:
 + Level 10.4 Fighting
 + Level 10.2 Dodging
 - Level 4.0 Shields
 * Level 13.6 Unarmed Combat
 - Level 4.0 Spellcasting
 - Level 10.0 Transmutations
 - Level 9.0 Ice Magic
 - Level 3.0 Poison Magic


You had 2 spell levels left.
You knew the following spells:

 Your Spells              Type           Power      Damage    Failure   Level
a - Ozocubu's Armour      Ice            58%        N/A       11%         3
b - Wereblood             Tmut           62%        N/A       8%          2
c - Spider Form           Tmut/Pois      23%        N/A       17%         3
d - Ice Form              Ice/Tmut       60%        N/A       17%         4
e - Animate Skeleton      Necr           12%        N/A       36%         1
f - Apportation           Tloc           12%        N/A       36%         1
g - Blade Hands           Tmut           31%        N/A       24%         5

Your spell library contained the following spells:

 Spells                   Type           Power      Damage    Failure   Level
 Beastly Appendage        Tmut           100%       N/A       7%          1
 Ensorcelled Hibernation  Hex/Ice        68%        N/A       17%         2
 Corona                   Hex            6%         N/A       36%         1
 Summon Small Mammal      Summ           24%        N/A       36%         1
 Static Discharge         Conj/Air       6%         N/A       43%         2
 Summon Ice Beast         Ice/Summ       34%        N/A       45%         4
 Alistair's Intoxication  Tmut/Pois      30%        N/A       50%         5
 Portal Projectile        Hex/Tloc       12%        N/A       61%         3
 Stone Arrow              Conj/Erth      12%        3d7       61%         3
 Tukima's Dance           Hex            6%         N/A       61%         3
 Animate Armour           Summ/Erth      12%        N/A       88%         4
 Dispel Undead            Necr           6%         3d8       88%         4
 Sticky Flame             Conj/Fire      6%         2d3       88%         4
 Eringya's Noxious Bog    Tmut/Pois      23%        N/A       89%         6
 Ozocubu's Refrigeration  Ice            29%        4d10      97%         7
 Borgnjor's Vile Clutch   Necr/Erth      3%         N/A       99%         5
 Excruciating Wounds      Necr           3%         N/A       99%         5
 Shadow Creatures         Summ           N/A        N/A       100%        6
 Monstrous Menagerie      Summ           3%         N/A       100%        7
 Lehudib's Crystal Spear  Conj/Erth      3%         10d2      100%        8


Dungeon Overview and Level Annotations

Branches:
Dungeon (11/15)            Temple (0/1) D:6            Lair (6/6) D:9
  Swamp (0/4) Lair:4       Spider (0/4) Lair:3        Slime (0/5) Lair:5
    Orc (2/2) D:9             Elf (0/3) Orc:2

Shops:
D:8 ?   D:10 :   Orc:2 *=

Portals:
Abyss: Lair:6

Annotations:
D:8 2 runed translucent doors
Lair:2 Nergalle
Orc:1 2 transporters, Sobieck's ghost, journeyman DECj


Innate Abilities, Weirdness & Mutations

You have blades for hands.
Your spellcasting is less reliable in this form.
You are incapable of wielding weapons or throwing items.
Your attributes grow dramatically as you level up.
You have an increased reservoir of magic. (+10% MP)
You shall have no god before yourself.


Message History

The smoke demon is moderately wounded.
You howl as the wereblood boils in your veins!
Your primal bloodlust has ended.
The smoke demon hits you but does no damage.
The smoke demon closely misses you. The smoke demon completely misses you.
You slash the smoke demon!
The smoke demon is heavily wounded.
The smoke demon misses you. The smoke demon barely misses you. x2
The orc high priest prays to Beogh.
You slice the smoke demon!!
You kill the smoke demon!
The ynoxinul gestures.
The orc high priest calls down the wrath of Beogh upon you.
Pain shoots through your body!
You hear a shout!
You take 9 damage, and have 59/122 hp.
Your icy armour will break if you move.
Continue? [Y]es or [N]o only, please.
Your icy armour will break if you move.
Continue?
Your icy armour cracks and falls away as you move.
The orc knight unwields a +0 arbalest.
The orc knight wields a +3 long sword.
The orc knight hits you with a +3 long sword!!
* * * LOW HITPOINT WARNING * * *
The orc high priest utters an invocation to Beogh.
An orc sorcerer comes into view.
It is wielding a +0 dagger and wearing a +1 robe of the Archmagi.
Items here: )))))))))))) [[[[[[[[[[[[ ††††††††.
You take 26 damage, and have 33/122 hp.
MASSIVE DAMAGE!!
Casting: Blade Hands (dangerous; 24% risk of failure)
Confirm with . or Enter, or press ? or * to list all spells.
A film of ice covers your body!
You hear a shout!
The orc knight misses you.
The orc high priest says, "Oblivion to the unbeliever."
The orc high priest barely misses you.
You hear a shout!
You now have 17/24 mp.
You slash the orc knight!
The orc knight is moderately wounded.
The orc knight hits you with a +3 long sword!!
You die...

......#*,*,,,,..#####.##.........
.....##*,*,,,,,,,,,*#.###........
(....##*,,*,,,,,,,,*#.##....##.#.
......#*∩,*,,,,*,,,##.##).###**#*
......#**.,#,,##,,*#..##))# *
......# *∩.#.##o,,##)###.##
......# *#..53ooo##..# #..#
#.....# *#554oo##).## #.##
#.....# ****#o@..## #<.# ......#
###### #.## ###
......##################..#####.#
..............).[...........##...
..............)))..........[..#..
......##...............)#....))..
.#.............#......)..........
.......#......#.#................
P...#..##........................


You could see an orc knight (strong), an orc high priest (strong), an orange
demon (summoned), a ynoxinul (summoned), an orc sorcerer, an orc warrior, an orc
priest (strong), an orc wizard (strong) and 3 ufetubi.

Vanquished Creatures
  4 boulder beetles
  6 hydras
  Harold (D:9)
  A two-headed ogre (D:10)
  A catoblepas (Lair:3)
  13 death yaks
  4 orc high priests (Orc:2)
  Urug (D:11)
  2 thrashing horrors (Lair:6)
  Sonja (D:10)
  A lindwurm (Lair:5)
  2 orc knights (Orc:2)
  4 ugly things
  5 orc sorcerers
  A cyclops (Orc:2)
  Maurice (D:9)
  5 elephants (Lair:5)
  6 black mambas
  2 smoke demons (Lair:6)
  16 cane toads
  5 rime drakes
  8 komodo dragons
  An ancient zyme (Lair:6)
  A polar bear (Lair:6)
  4 trolls
  A hornet (Lair:2)
  16 blink frogs
  3 large abominations (Lair:6)
  A spriggan (Lair:6)
  8 wyverns
  A wraith (D:11)
  43 yaks
  Eustachio (D:5)
  2 shadows
  2 ynoxinuls (Lair:6)
  4 basilisks
  3 chaos spawn (Lair:6)
  A steam dragon (Lair:2)
  Menkaure (D:7)
  A warg (Orc:2)
  21 water moccasins
  A hornet zombie (D:7)
  22 orc warriors
  An ice beast (D:6)
  A black bear (D:6)
  4 necrophages
  3 centaurs
  5 ogres
  17 wolves
  7 small abominations (Lair:6)
  Blork the orc (D:5)
  13 bullfrogs
  3 gnoll sergeants
  A scorpion (D:5)
  3 wyvern zombies
  A water moccasin zombie (D:5)
  A wight (D:8)
  7 howler monkeys
  6 electric eels
  A bullfrog zombie (D:7)
  7 centaur zombies
  4 hounds
  A jelly (D:7)
  19 orc priests
  2 bullfrog skeletons (D:5)
  Jessica (D:3)
  2 gnoll shamans
  Ijyb (D:5)
  4 iguanas
  29 orc wizards
  A killer bee zombie (D:6)
  2 howler monkey zombies
  20 gnolls
  10 adders
  A white imp (D:6)
  An ufetubus (D:6)
  4 dart slugs
  82 orcs
  6 ball pythons
  4 endoplasms
  5 giant cockroaches
  8 goblins
  11 hobgoblins
  4 jackals (D:2)
  A quokka (D:1)
  4 bats
  14 kobolds
  9 rats
560 creatures vanquished.

Vanquished Creatures (others)
  35 fungi
  81 plants
116 creatures vanquished.

Grand Total: 676 creatures vanquished

Notes
Turn   | Place    | Note
-------+----------+-------------------------------------------
     0 | D:1      | jasper the Demigod Transmuter began the quest for the Orb.
     0 | D:1      | Reached XP level 1. HP: 15/15 MP: 5/5
   172 | D:1      | Reached skill level 1 in Fighting
   276 | D:1      | Reached skill level 3 in Unarmed Combat
   306 | D:1      | Reached XP level 2. HP: 14/23 MP: 5/7
   311 | D:1      | Learned a level 2 spell: Wereblood
  1009 | D:1      | Reached XP level 3. HP: 29/29 MP: 8/8
  2033 | D:2      | Reached XP level 4. HP: 30/37 MP: 7/9
  2037 | D:2      | Learned a level 3 spell: Spider Form
  2797 | D:2      | Reached skill level 1 in Poison Magic
  3297 | D:3      | Reached XP level 5. HP: 6/42 MP: 6/10
  3763 | D:3      | Noticed Jessica
  3860 | D:3      | Killed Jessica
  5410 | D:5      | Entered Level 5 of the Dungeon
  5415 | D:5      | Noticed Ijyb
  5440 | D:6      | Noticed an ice beast
  5451 | D:6      | Killed an ice beast
  5452 | D:6      | Reached XP level 6. HP: 50/50 MP: 11/11
  5575 | D:6      | Reached skill level 4 in Unarmed Combat
  5631 | D:6      | HP: 2/51 [wyvern zombie (6)]
  5973 | D:6      | Reached XP level 7. HP: 56/57 MP: 8/12
  6506 | D:6      | Found a staircase to the Ecumenical Temple.
  6904 | D:6      | Reached skill level 5 in Unarmed Combat
  7225 | D:6      | HP: 2/60 [orc warrior/stone (13)]
  7530 | D:7      | Reached XP level 8. HP: 67/67 MP: 9/13
  7689 | D:7      | Learned a level 4 spell: Ice Form
  8074 | D:7      | Reached skill level 1 in Shields
  8207 | D:7      | Noticed Menkaure
  8220 | D:7      | Killed Menkaure
  8540 | D:7      | Reached skill level 5 in Fighting
  8664 | D:8      | Reached skill level 6 in Unarmed Combat
  8751 | D:8      | Reached XP level 9. HP: 49/74 MP: 10/14
  8876 | D:8      | Found Cein's Magic Scroll Emporium.
  8884 | D:8      | Bought a scroll of blinking for 97 gold pieces
  8884 | D:8      | Bought a scroll of fog for 26 gold pieces
  8884 | D:8      | Bought a scroll of holy word for 97 gold pieces
  8910 | D:8      | Reached skill level 5 in Dodging
  9271 | D:8      | Reached skill level 7 in Unarmed Combat
  9411 | D:8      | Noticed a four-headed hydra
  9421 | D:8      | Killed a four-headed hydra
  9929 | D:8      | Got the Almanac of Summoning
  9936 | D:8      | Identified the +8 rapier of Blue Cruel Justice {holy,
                  | *Corrode rElec rPois Dex+5}
  9943 | D:8      | Noticed a cyan ugly thing
  9950 | D:8      | Killed a cyan ugly thing
  9951 | D:8      | Reached skill level 8 in Unarmed Combat
 10117 | D:8      | Found a runed translucent door.
 10118 | D:8      | Found a runed translucent door.
 10118 | D:8      | Noticed a death knight
 10150 | D:8      | Identified the +7 dagger of Instinct {vamp, rPois Dex+3}
 10156 | D:8      | Reached skill level 1 in Ice Magic
 10696 | D:9      | Noticed Maurice
 11525 | D:5      | Killed Ijyb
 11676 | D:5      | Learned a level 3 spell: Ozocubu's Armour
 11780 | D:5      | Reached XP level 10. HP: 84/84 MP: 8/16
 12000 | D:5      | Noticed Eustachio
 12012 | D:5      | Killed Eustachio
 12402 | D:5      | Noticed Blork the orc
 12412 | D:5      | Killed Blork the orc
 13372 | D:9      | Found a staircase to the Lair.
 13401 | D:9      | Reached skill level 5 in Ice Magic
 14379 | D:9      | Killed Maurice
 14389 | D:9      | Reached XP level 11. HP: 77/91 MP: 9/17
 14441 | D:9      | Learned a level 1 spell: Animate Skeleton
 14443 | D:9      | Learned a level 1 spell: Apportation
 14547 | D:9      | Noticed Harold
 14562 | D:9      | Killed Harold
 14998 | D:9      | Found a staircase to the Orcish Mines.
 15228 | Orc:1    | Entered Level 1 of the Orcish Mines
 15256 | D:10     | Entered Level 10 of the Dungeon
 15256 | D:10     | Noticed Sonja
 15264 | D:10     | Killed Sonja
 15419 | D:10     | Noticed a two-headed ogre
 15443 | D:10     | Killed a two-headed ogre
 15444 | D:10     | Reached skill level 9 in Unarmed Combat
 16310 | D:10     | Found Ymaxer's Book Shoppe.
 16320 | D:10     | Bought a book of Maledictions for 198 gold pieces
 16431 | D:11     | Noticed Urug
 16445 | D:11     | Killed Urug
 17267 | D:11     | Noticed a phantasmal warrior
 17267 | D:11     | Noticed a skeletal warrior
 17505 | Lair:1   | Entered Level 1 of the Lair of Beasts
 17632 | Lair:1   | Reached skill level 10 in Unarmed Combat
 18299 | Lair:1   | Reached XP level 12. HP: 93/101 MP: 17/20
 19118 | Lair:2   | Noticed Nergalle
 19311 | Lair:2   | Reached skill level 11 in Unarmed Combat
 20332 | Lair:3   | Noticed a catoblepas
 20347 | Lair:3   | Killed a catoblepas
 20478 | Lair:3   | Noticed a seven-headed hydra
 20484 | Lair:3   | Killed a seven-headed hydra
 20675 | Lair:3   | Found a hole to the Spider Nest.
 21925 | Lair:4   | Noticed a boulder beetle
 22140 | Lair:4   | Identified a scroll of acquirement
 22142 | Lair:4   | Acquired 413 gold pieces
 22202 | Lair:4   | Found a staircase to the Swamp.
 22219 | Lair:4   | Noticed a boulder beetle
 22230 | Lair:4   | Killed a boulder beetle
 22236 | Lair:4   | Reached skill level 12 in Unarmed Combat
 22502 | Lair:4   | HP: 5/126 [death yak (9)]
 23232 | Lair:4   | Noticed a five-headed hydra
 23247 | Lair:4   | Killed a five-headed hydra
 23248 | Lair:4   | Reached XP level 13. HP: 111/111 MP: 14/21
 24532 | Lair:5   | Found a dark tunnel.
 24652 | Lair:5   | Reached skill level 13 in Unarmed Combat
 24980 | Lair:5   | Reached skill level 10 in Fighting
 25182 | Lair:5   | Found a staircase to the Slime Pits.
 25560 | Lair:6   | Entered Level 6 of the Lair of Beasts
 26389 | Lair:6   | Reached skill level 10 in Dodging
 26396 | Lair:6   | Learned a level 5 spell: Blade Hands
 26677 | Lair:6   | Reached skill level 5 in Transmutations
 27776 | Lair:6   | Reached XP level 14. HP: 121/121 MP: 20/24
 28743 | Lair:6   | Found a one-way gate to the infinite horrors of the Abyss.
 29815 | Orc:1    | Found a transporter.
 29817 | Orc:1    | Noticed Sobieck's ghost (journeyman DECj)
 29818 | Orc:1    | Found a transporter.
 29969 | Orc:1    | You fall into a shaft and drop 1 floor!
 29969 | Orc:2    | Entered Level 2 of the Orcish Mines
 30067 | Orc:2    | Found a staircase to the Elven Halls.
 30387 | Orc:2    | Found Anwul's Assorted Antiques.
 31649 | Orc:2    | Reached skill level 10 in Transmutations
 31958 | Orc:2    | Found Siuhog's Jewellery Boutique.
 32017 | Orc:2    | Slain by an orc knight

Illustrated notes

Levels and vault maps discovered:
D:1:      minmay_arrival_nine_rooms, layout_rooms
D:2:      layout_basic, shapermc_ecumenical_altar_notcrosses,
          minmay_goblin_outpost
D:3:      layout_loops_ring, uniq_jessica
D:4:      layout_rooms, kennysheep_little_box, minmay_misc_feat_four_crosses
D:5:      layout_gridville, uniq_blork_the_orc, uniq_eustachio, uniq_ijyb
D:6:      layout_loops_ring, overflow_temple_1_default,
          minmay_temple_entry_stoned_glass, grunt_tough_drop
D:7:      layout_basic, uniq_menkaure
D:8:      minmay_the_grid_four_pointed_star
          [minmay_the_grid_triangle_9x9_sparse_checkered,
          minmay_the_grid_triangle_9x9_zippers_horizontal,
          minmay_the_grid_triangle_9x9_dagger,
          minmay_the_grid_triangle_9x9_tough_junction,
          minmay_the_grid_prize_diamond_cup], layout_basic,
          grunt_temple_overflow_diamond, grunt_temple_overflow_open,
          serial_shops, shop, corexii_corridor_pit, kennysheep_generic_room_11
D:9:      layout_long_grid, minmay_lair_entry_grove, hiddenorc1_lemuel,
          chequers_serial_rivers_small_a, uniq_harold, uniq_maurice
D:10:     layout_loops_ring, serial_shops, nicolae_lakefront_shop, uniq_sonja
D:11:     layout_loops_ring, uniq_urug
Lair:1:   layout_layer_cave, grunt_megastairs_2, infiniplex_staircase_pool
Lair:2:   layout_regular_city, gammafunk_ghost_wrathful_warriors,
          grunt_forest_stairs_basic, hangedman_tree_tricks, beast_lair_carwin_3,
          serial_bayou_shore_a, uniq_nergalle
Lair:3:   layout_concentric_octagons, dummy_spider_entry
Lair:4:   layout_cave_pods, swamp_mist_pool, serial_bayou, serial_bayou_pond_b,
          serial_bayou_crossing, serial_bayou_ford_a, serial_bayou_pond_d,
          serial_bayou_lake_a, serial_bayou_pond_e
Lair:5:   layout_concentric_octagons, slime_altar_1,
          lightli_volcano_entry_magma_tube, st_stairs_11, serial_bayou_shore_b,
          grunt_megastairs_3, serial_bayou_shore_b
Lair:6:   hellmonk_lair_end_abyssal_woods, layout_cellular_growth, basic_altar
Orc:1:    layout_diamond_mine, gammafunk_ghost_arena
Orc:2:    st_orc_elflike, layout_caves, serial_shops,
          nicolae_shop_overgrown_old_shop

Skill      XL: |  1  2  3  4  5  6  7  8  9 10 11 12 13 14 |
---------------+-------------------------------------------+-----
Fighting       | 1 2 3 4 5 6 8 9 10 | 10.4
Unarmed Combat | 3 4 5 6 8 10 12 13 | 13.6
Transmutations | 2 3 4 7 10 | 10.0
Poison Magic   | 1 3 |  3.0
Dodging        | 2 4 6 7 9 10 | 10.2
Shields        | 4 |  4.0
Ice Magic      | 1 8 9 |  9.0
Spellcasting   | 2 3 4 |  4.0

Action                   |  1- 3 |  4- 6 |  7- 9 | 10-12 | 13-15 || total
-------------------------+-------+-------+-------+-------+-------++-------
Melee: Unarmed           |   120 |   163 |   242 |   656 |   658 ||  1839
       Kick              |    15 |     5 |     7 |       |       ||    27
       Headbutt          |     5 |     4 |     8 |       |       ||    17
       Punch             |     2 |     2 |     1 |       |    13 ||    18
       Hunting sling     |       |       |     2 |       |       ||     2
 Fire: Hunting sling     |       |    55 |   100 |       |       ||   155
Throw: Stone             |    17 |    30 |     1 |     6 |       ||    54
       Javelin           |    48 |       |       |       |       ||    48
 Cast: Beastly Appendage |    17 |     4 |     2 |       |       ||    23
       Spider Form       |       |    14 |    21 |     1 |     1 ||    37
       Ice Form          |       |       |    13 |    63 |    30 ||   106
       Wereblood         |       |       |     1 |       |     4 ||     5
       Ozocubu's Armour  |       |       |       |    44 |    30 ||    74
       Blade Hands       |       |       |       |       |    27 ||    27
Evoke: Wand              |       |       |     9 |    30 |     6 ||    45
       Tin of tremorston |       |       |       |       |     2 ||     2
  Use: Potion            |       |     7 |     1 |     2 |       ||    10
       Scroll            |       |     6 |     3 |    14 |     5 ||    28
 Stab: Sleeping          |       |       |     1 |     1 |       ||     2
       Distracted        |       |       |       |     1 |       ||     1
Armor: Leather armour    |    25 |    13 |       |       |       ||    38
       Robe              |     1 |    12 |     7 |     5 |    41 ||    66
       Skin              |       |    18 |    15 |   242 |    97 ||   372
Dodge: Dodged            |    73 |   114 |   185 |   535 |   532 ||  1439
Block: Buckler           |       |       |     3 |     6 |     1 ||    10

Table legend: (Time is in decaauts)
 A = Elapsed time spent in this place.
 B = Non-inter-level travel time spent in this place.
 C = Inter-level travel time spent in this place.
 D = Time resting spent in this place.
 E = Time spent auto-exploring this place.
 F = Levels seen in this place.
 G = Mean time per level.
                   A        B        C        D        E       F      G
               +--------+--------+--------+--------+--------+-----+--------+
         Total |  31828 |  30779 |   1049 |   5138 |  21401 |  19 | 1675.2 |
       Dungeon |  17929 |  17337 |    592 |   2747 |  12149 |  11 | 1629.9 |
          Lair |  11355 |  10984 |    371 |   1467 |   8149 |   6 | 1892.5 |
  Orcish Mines |   2542 |   2456 |     86 |    923 |   1102 |   2 | 1271.0 |
               +--------+--------+--------+--------+--------+-----+--------+

Top non-repeatable levels by time:
  Lair:4: 3386 daAuts
     D:8: 2716 daAuts
     D:6: 2530 daAuts
  Lair:6: 2474 daAuts
     D:9: 2163 daAuts
     D:2: 1959 daAuts
     D:3: 1880 daAuts
  Lair:5: 1768 daAuts
  Lair:3: 1567 daAuts
  Lair:1: 1487 daAuts
     D:7: 1474 daAuts
   Orc:1: 1442 daAuts
     D:5: 1400 daAuts
    D:10: 1316 daAuts
   Orc:2: 1100 daAuts
